 Dungeon Crawl Stone Soup version 0.30.1-11-g7821555f0a (webtiles) character file.

Game seed: 4454585273955571222

27132 booth the Basher (level 13, -6/75 HPs)
             Began as a Gargoyle Monk on Oct 30, 2023.
             Was a High Priest of Hepliaklqana.
             Mangled by Rupert
             ... wielding a +1 heavy battleaxe
              (34 damage)
             ... on level 3 of the Lair of Beasts on Nov 1, 2023.
             The game lasted 01:19:37 (14030 turns).

booth the Basher (Gargoyle Monk)                   Turns: 14030, Time: 01:19:38

Health: -6/75      AC: 24    Str: 19    XL:     13   Next: 30%
Magic:  16/16      EV: 14    Int: 10    God:    Hepliaklqana [*****.]
Gold:   823        SH:  5    Dex: 14    Spells: 12/12 levels left

rFire   + + .        J - +9 hand axe of Karma {flame, rF+ rC+ Will+ rCorr}
rCold   + + .        (no shield)
rNeg    + . .        r - +2 ring mail {rC+}
rPois   ∞            (helmet restricted)
rElec   +            (no cloak)
rCorr   +            K - +2 pair of gloves
SInv    .            k - +1 pair of boots
Will    +....        G - amulet of reflection
Stlth   +            o - ring of protection from fire
HPRegen 0.32/turn    (no ring)
MPRegen 0.15/turn

%: reflection
@: no status effects
A: reduced essence, sickness immunity, AC +9, negative energy resistance 1,
electricity resistance, torment resistance 1, petrification resistance, horns 1,
iridescent scales 1, low MP 1, shaggy fur 1
a: Renounce Religion, Recall Ancestor, Ancestor Identity, Transference, Idealise


You were on level 3 of the Lair of Beasts.
You worshipped Hepliaklqana.
Hepliaklqana was extremely pleased with you.
You visited 3 branches of the dungeon, and saw 14 of its levels.

You collected 963 gold pieces.
You spent 140 gold pieces at shops.

Inventory:

Hand Weapons
 a - a +2 mace of freezing
 g - a +2 heavy mace
 h - a +2 mace of freezing
 J - the +9 hand axe of Karma (weapon) {flame, rF+ rC+ Will+ rCorr}
   (You took it off an orc on level 9 of the Dungeon)

   rF:        It protects you from fire.
   rC:        It protects you from cold.
   rCorr:     It protects you from acid and corrosion.
   Will:      It increases your willpower.
Missiles
 j - 12 poisoned darts (quivered)
 s - 8 javelins
 y - 3 silver boomerangs
 H - 2 boomerangs of dispersal
 N - a curare-tipped dart
Armour
 d - an orb of light
 k - a +1 pair of boots (worn)
 r - a +2 ring mail of cold resistance (worn)
 K - a +2 pair of gloves (worn)
Jewellery
 o - a ring of protection from fire (left hand)
 G - an amulet of reflection (around neck)
 I - an amulet of regeneration
 R - an amulet of guardian spirit
Wands
 w - a wand of iceblast (9)
 x - a wand of charming (15)
 C - a wand of flame (27)
 D - a wand of polymorph (2)
 L - a wand of digging (2)
Scrolls
 f - a scroll of butterflies
 i - 2 scrolls of torment
 m - 2 scrolls of magic mapping
 q - 3 scrolls of amnesia
 t - a scroll of poison
 u - 8 scrolls of teleportation
 v - 2 scrolls of blinking
 F - 4 scrolls of identify
 O - 2 scrolls of fear
 P - a scroll of immolation
 Q - a scroll of fog
Potions
 b - 3 potions of attraction
 c - 2 potions of ambrosia
 e - 6 potions of curing
 l - 6 potions of heal wounds
 n - 4 potions of resistance
 p - 3 potions of invisibility
 z - 2 potions of magic
 A - 4 potions of mutation
 B - a potion of lignification
 E - 4 potions of brilliance
 M - 2 potions of might
 S - a potion of berserk rage


   Skills:
 + Level 11.5 Fighting
 * Level 7.6(10.4) Axes
 - Level 12.0(13.1) Maces & Flails
 + Level 6.7 Throwing
 + Level 8.9 Dodging
 + Level 6.7 Invocations


You had 12 spell levels left.
You didn't know any spells.
Your spell library contained the following spells:

 Spells                   Type           Power      Damage    Failure   Level
 Foxfire                  Conj/Fire      0%         2x1d4     54%         1
 Slow                     Hex            0%         N/A       54%         1
 Confusing Touch          Hex            0%         N/A       89%         3
 Dazzling Flash           Conj/Hex       0%         N/A       89%         3
 Ozocubu's Armour         Ice            0%         N/A       89%         3
 Vampiric Draining        Necr           0%         2d6       89%         3
 Volatile Blastmotes      Fire/Tloc      0%         2d10      89%         3
 Iskenderun's Mystic Bla  Conj/Tloc      0%         2d3       100%        4
 Fireball                 Conj/Fire      0%         3d3       100%        5
 Metabolic Englaciation   Hex/Ice        0%         N/A       100%        5
 Plasma Beam              Fire/Air       0%         2x1d11    100%        6
 Simulacrum               Ice/Necr       0%         N/A       100%        6
 Starburst                Conj/Fire      0%         6d3       100%        6


Dungeon Overview and Level Annotations

Branches:
Dungeon (10/15)            Temple (1/1) D:5            Lair (3/5) D:10
 Shoals (0/4) Lair:3       Spider (0/4) Lair:3
    Orc: D:9-12

Altars:
Ashenzari
Cheibriados
Dithmenos
Elyvilon
Fedhas
Gozag
Hepliaklqana
Kikubaaqudgha
Makhleb
Nemelex Xobeh
Okawaru
Qazlal
Ru
Sif Muna
Trog
Uskayaw
Vehumet
Wu Jian
Xom
Yredelemnul
Zin
The Shining One

Shops:
D:4 !   D:8 :   D:9 :

Annotations:
D:2 1 runed translucent door, Crazy Yiuf
D:10 1 runed translucent door
Lair:3 Rupert


Innate Abilities, Weirdness & Mutations

Your life essence is reduced to manifest your ancestor. (-10% HP)
You are immune to sickness and miasma.
Your stone body is resilient. (AC +9)
You are immune to poison.
You resist negative energy. (rN+)
You are resistant to electric shocks. (rElec)
You are resistant to unholy torment.
You are immune to petrification.
You have a pair of small horns on your head.
You are partially covered in iridescent scales. (AC +2)
Your magical capacity is low. (-10% MP)
You are covered in fur. (AC +1)


Message History

Qinisela casts a spell at Rupert.
The stone arrow hits Rupert!!
Throw: 11 javelins
Press: ? - help, Q - select action, (/) - cycle Shift-Dir - straight line, f/p - Rupert
Aim: Rupert, wielding a +1 heavy battleaxe and wearing a +0 scale mail (heavily wounded, not watching you, extremely poisoned, ally target, 70% to hit)
You throw a javelin. Qinisela avoids your attack.
The javelin pierces through Rupert!
Rupert is severely wounded.
Rupert roars wildly at you.
Qinisela appears confused.
Qinisela hits Rupert with a +0 quarterstaff.
Throw: 10 javelins
Press: ? - help, Q - select action, (/) - cycle Shift-Dir - straight line, f/p - Rupert
Aim: Rupert, wielding a +1 heavy battleaxe and wearing a +0 scale mail (severely wounded, not watching you, very poisoned, ally target, 70% to hit)
You throw a javelin. Qinisela avoids your attack.
The javelin pierces through Rupert!
Rupert is almost dead.
Rupert hits Qinisela with a +1 heavy battleaxe!!
Throw: 9 javelins
Press: ? - help, Q - select action, (/) - cycle Shift-Dir - straight line, f/p - Rupert
Aim: Rupert, wielding a +1 heavy battleaxe and wearing a +0 scale mail (almost dead, very poisoned, ally target, 70% to hit)
You throw a javelin. The javelin barely misses Rupert.
Rupert yells loudly at you.
Qinisela suddenly stops moving!
Throw: 12 darts (poison)
Press: ? - help, Q - select action, (/) - cycle Shift-Dir - straight line, f/p - Rupert
Aim: Rupert, wielding a +1 heavy battleaxe and wearing a +0 scale mail (almost dead, very poisoned, ally target, 70% to hit)
Okay, then.
Rupert roars madly and goes into a rage!
Rupert goes berserk!
Rupert hits Qinisela with a +1 heavy battleaxe!!!
Qinisela is destroyed!
Rupert hits you with a +1 heavy battleaxe!!!
Ouch! That really hurt!
You barely miss Rupert.
Rupert is almost dead.
You slash Rupert! You burn Rupert.
Rupert is almost dead.
Rupert hits you with a +1 heavy battleaxe!!
You die...

.........#..................P....
.........#.....##......P.P....P..
####.[...###.###.............P.P.
##.....##.#.#P.........P....P.
#####.................PP.P.......
.......................P..>.P....
......................P.P........
....................P.PP....P..P.
...........#.+##@@†..........)...
...#P....####..###(..........))..
#..###...# ..# #...........†)..
....+....+ ......#....(.........
....P...... .....@#...).....##...
.....#......#####S.#...#.....#...
.....#..#..# ...#..#.......#....
.## ......#..##........
@.......##.##.#P...


You could see Rupert (berserk, very poisoned).

Vanquished Creatures
  A two-headed ogre (D:8)
  A boulder beetle (Lair:3)
  2 black mambas
  An elephant (Lair:3)
  3 cane toads
  A komodo dragon (Lair:3)
  A polar bear (Lair:1)
  A hornet (D:8)
  15 blink frogs
  34 yaks
  3 wyverns
  A steam dragon (D:8)
  A vampire mosquito (D:10)
  A warg (D:10)
  5 water moccasins
  Duvessa (D:7)
  An orc warrior (D:8)
  9 wolves
  An ogre (D:5)
  3 centaurs
  A phantom (D:5)
  3 bullfrogs (Lair:2)
  3 scorpions
  A wight (D:8)
  11 killer bees
  Dowan (D:7)
  2 howler monkeys
  2 hounds (D:4)
  2 jellies
  4 orc priests
  A sleepcap (D:4)
  Jessica (D:3)
  3 iguanas
  2 orc wizards
  4 gnolls (D:4)
  2 adders
  3 worms
  4 dart slugs
  34 orcs
  12 ball pythons
  5 endoplasms (D:1)
  3 giant cockroaches
  8 goblins
  A hobgoblin (D:1)
  A quokka (D:1)
  5 bats
  2 frilled lizards
  15 kobolds
  8 rats
230 creatures vanquished.

Vanquished Creatures (collateral kills)
  A hydra (Lair:3)
  A two-headed ogre (D:9)
  A black mamba (Lair:1)
  4 elephants (Lair:3)
  3 cane toads
  A komodo dragon (Lair:1)
  2 trolls (D:10)
  3 blink frogs
  20 yaks
  A vampire mosquito (D:10)
  2 wargs (D:10)
  6 water moccasins
  A black bear (Lair:1)
  4 orc warriors
  2 ogres
  7 wolves
  5 centaurs
  A bullfrog (Lair:3)
  3 kobold brigands
  2 scorpions (Lair:3)
  3 wights (D:8)
  2 killer bees
  2 electric eels (Lair:3)
  5 howler monkeys
  An orc priest (D:8)
  A jelly (D:6)
  A sleepcap (D:7)
  6 orc wizards
  3 gnolls (D:6)
  2 shadow imps
  2 worms (Lair:3)
  33 orcs
  3 kobolds
134 creatures vanquished.

Vanquished Creatures (others)
  A human (D:9)
  An orc wizard (D:8)
  12 battlemagi
14 creatures vanquished.

Grand Total: 378 creatures vanquished

Notes
Turn   | Place    | Note
-------+----------+-------------------------------------------
     0 | D:1      | booth the Gargoyle Monk began the quest for the Orb.
     0 | D:1      | Reached XP level 1. HP: 14/14 MP: 1/1
   200 | D:1      | Reached XP level 2. HP: 18/19 MP: 2/2
   276 | D:1      | Found a faded altar of an unknown god.
   631 | D:1      | Reached XP level 3. HP: 24/24 MP: 3/3
  1631 | D:2      | Found a runed translucent door.
  1632 | D:2      | Noticed Crazy Yiuf
  1943 | D:3      | Noticed Jessica
  1950 | D:3      | Killed Jessica
  1951 | D:3      | Reached skill level 4 in Maces & Flails
  1951 | D:3      | Reached XP level 4. HP: 29/29 MP: 4/4
  1963 | D:3      | Found a snail-covered altar of Cheibriados.
  1965 | D:3      | Found a hide-covered altar of Uskayaw.
  1965 | D:3      | Found a shadowy altar of Dithmenos.
  2713 | D:4      | Found Efodgho's Distillery.
  2727 | D:4      | Bought a potion of heal wounds for 70 gold pieces
  2727 | D:4      | Bought a potion of heal wounds for 70 gold pieces
  2827 | D:4      | Found a radiant altar of Vehumet.
  2874 | D:4      | Reached XP level 5. HP: 30/33 MP: 5/5
  3025 | D:4      | Reached XP level 6. HP: 12/39 MP: 6/6
  3198 | D:4      | Reached skill level 5 in Maces & Flails
  3521 | D:4      | Found a shimmering altar of Xom.
  3832 | D:4      | Found a burning altar of Makhleb.
  4332 | D:4      | Gained mutation: You occasionally lose the ability to drink
                  | potions when taking damage. [potion of mutation]
  4332 | D:4      | Gained mutation: You are partially covered in iridescent
                  | scales. (AC +2) [potion of mutation]
  4332 | D:4      | Gained mutation: You are dopey. (Int -2) [potion of
                  | mutation]
  4357 | D:5      | Entered Level 5 of the Dungeon
  4368 | D:5      | Reached skill level 5 in Fighting
  4368 | D:5      | Reached XP level 7. HP: 44/44 MP: 7/7
  4494 | D:5      | Identified the +1 leather armour of Patience {*Slow rElec
                  | rPois Str+6}
  4497 | D:5      | Reached skill level 6 in Maces & Flails
  4730 | D:5      | Lost mutation: You are dopey. (Int -2) [potion of mutation]
  4730 | D:5      | Lost mutation: You occasionally lose the ability to drink
                  | potions when taking damage. [potion of mutation]
  4730 | D:5      | Gained mutation: Your magical capacity is low. (-10% MP)
                  | [potion of mutation]
  4730 | D:5      | Gained mutation: You are covered in fur. (AC +1) [potion of
                  | mutation]
  4730 | D:5      | Gained mutation: You have a pair of small horns on your
                  | head. [potion of mutation]
  4935 | D:5      | Found a staircase to the Ecumenical Temple.
  4963 | Temple   | Entered the Ecumenical Temple
  5341 | Temple   | Became a worshipper of Hepliaklqana the Forgotten
  5341 | Temple   | Reached * piety under Hepliaklqana
  5341 | Temple   | Reached ** piety under Hepliaklqana
  5342 | Temple   | Remembered your ancestor Qinisela as a battlemage
  5766 | D:6      | Reached XP level 8. HP: 45/45 MP: 7/7
  5802 | D:6      | Reached skill level 7 in Maces & Flails
  6072 | D:6      | Found a blossoming altar of Fedhas.
  6417 | D:7      | Found a glowing silver altar of Zin.
  6517 | D:7      | Noticed Duvessa
  6517 | D:7      | Noticed Dowan
  6526 | D:7      | Killed Duvessa
  6527 | D:7      | Reached skill level 5 in Dodging
  6527 | D:7      | Killed Dowan
  6633 | D:7      | Reached skill level 8 in Maces & Flails
  7011 | D:7      | Noticed a wyvern
  7021 | D:7      | Killed a wyvern
  7022 | D:7      | Reached XP level 9. HP: 35/50 MP: 8/8
  7414 | D:8      | Found Peomnick's Book Boutique.
  7636 | D:8      | Reached skill level 9 in Maces & Flails
  7909 | D:8      | Reached *** piety under Hepliaklqana
  7927 | D:8      | Noticed a hornet
  7942 | D:8      | Killed a hornet
  8024 | D:8      | Noticed a two-headed ogre
  8032 | D:8      | Killed a two-headed ogre
  8033 | D:8      | Reached skill level 10 in Maces & Flails
  8033 | D:8      | Reached XP level 10. HP: 48/57 MP: 9/9
  8242 | D:8      | Found an opulent altar of Gozag.
  8475 | D:8      | Reached skill level 1 in Throwing
  8796 | D:9      | Noticed a two-headed ogre
  8802 | D:9      | Killed a two-headed ogre
  8850 | D:9      | Identified the +9 hand axe of Karma {flame, rF+ rC+ Will+
                  | rCorr}
  9031 | D:9      | Found Zuyt's Tremendous Tomes.
  9085 | D:9      | Reached skill level 1 in Axes
  9419 | D:9      | Found an ancient bone altar of Kikubaaqudgha.
  9777 | D:9      | Reached skill level 11 in Maces & Flails
  9844 | D:10     | Entered Level 10 of the Dungeon
  9898 | D:10     | Found a staircase to the Lair.
 10243 | D:10     | Reached XP level 11. HP: 55/63 MP: 9/9
 10362 | D:10     | Reached skill level 1 in Invocations
 10448 | D:10     | Found a runed translucent door.
 10452 | D:10     | Noticed a centaur warrior
 10787 | Lair:1   | Entered Level 1 of the Lair of Beasts
 10801 | Lair:1   | Reached **** piety under Hepliaklqana
 10833 | Lair:1   | Reached skill level 10 in Fighting
 11240 | Lair:1   | Reached XP level 12. HP: 54/69 MP: 13/13
 11245 | Lair:1   | Reached skill level 5 in Throwing
 11278 | Lair:1   | Reached skill level 12 in Maces & Flails
 12035 | Lair:2   | Reached skill level 5 in Axes
 12078 | Lair:2   | Reached skill level 5 in Invocations
 12771 | Lair:2   | Reached ***** piety under Hepliaklqana
 13106 | Lair:3   | Found a staircase to the Shoals.
 13543 | Lair:3   | Reached XP level 13. HP: 71/75 MP: 15/15
 13707 | Lair:3   | Found a hole to the Spider Nest.
 14008 | Lair:3   | Noticed Rupert
 14030 | Lair:3   | Mangled by Rupert

Illustrated notes

Levels and vault maps discovered:
D:1:      dpeg_chamrin_arrival_tetris, layout_basic,
          hellmonk_ecumenical_altar_arch_garden
D:2:      layout_basic, kennysheep_generic_room_5, uniq_crazy_yiuf_cottage
D:3:      layout_basic, grunt_temple_overflow_open, uniq_jessica
D:4:      layout_layer_cave, vehumet_crystals, mainiacjoe_overflow_brackets,
          makhleb_heckhound_becter, serial_shops,
          nicolae_shop_competitors_out_of_business, serial_bayou_ford_a
D:5:      layout_loops_ring, minmay_temple_entry_glassed_door,
          grunt_decor_mini_mirrors
D:6:      layout_basic, nicolae_overflow_crystal_walls
D:7:      layout_basic, amcnicky_altar_gilded, uniq_duvessa
D:8:      layout_basic, kennysheep_mini, special_room [special_room_orc],
          serial_shops, nicolae_shop_tiny_real_fake_doors
D:9:      layout_cave_pods, tgw_kikubaaqudgha, nicolae_shop_i_like_big_books,
          kennysheep_generic_room_10
D:10:     layout_gridville, erik_lair_orcish_takeover, minmay_misc_feat_rows,
          minmay_st_funbox
Temple:   minmay_temple_forest_path
Lair:1:   layout_cave_pods, grunt_megastairs_1
Lair:2:   layout_regular_city, columned_hall_lemuel
Lair:3:   layout_regular_city, minmay_shoals_entry_centaurs,
          nicolae_spider_entry_non_spiders, grunt_megastairs_2,
          serial_bayou_shore_a, uniq_rupert

Skill      XL: |  1  2  3  4  5  6  7  8  9 10 11 12 13 |
---------------+----------------------------------------+-----
Fighting       | 4 5 6 8 9 10 11 | 11.5
Maces & Flails | 4 5 6 8 10 11 12 | 12.0
Dodging        | 3 4 5 6 7 8 |  8.9
Throwing       | 3 4 6 |  6.7
Axes           | 2 4 6 7 |  7.6
Invocations    | 4 6 |  6.7

Action                     |  1- 3 |  4- 6 |  7- 9 | 10-12 | 13-15 || total
---------------------------+-------+-------+-------+-------+-------++-------
  Melee: Mace              |   102 |   170 |   116 |    32 |       ||   420
         Headbutt          |       |       |    20 |    63 |    14 ||    97
         Hand axe          |       |       |       |   280 |    66 ||   346
         Punch             |       |       |       |     1 |     2 ||     3
  Throw: Javelin           |       |     6 |       |    16 |     6 ||    28
         Boomerang         |       |       |   115 |    97 |       ||   212
         Dart              |       |       |       |       |     6 ||     6
 Invoke: Ancestor Life: Ba |       |       |     1 |       |       ||     1
         Ancestor Identity |       |       |     1 |       |       ||     1
    Use: Scroll            |     5 |     5 |     6 |    10 |       ||    26
         Potion            |     2 |     5 |     2 |       |     1 ||    10
   Stab: Distracted        |       |       |     2 |    10 |     1 ||    13
 Armour: Robe              |     9 |       |       |       |       ||     9
         Leather armour    |    38 |    78 |     4 |       |       ||   120
         Ring mail         |       |       |    58 |   133 |    33 ||   224
  Dodge: Dodged            |    66 |   158 |    67 |   197 |    50 ||   538
  Block: Other             |       |       |       |    58 |    11 ||    69
